 Dungeon Crawl Stone Soup version 0.30-a0-358-g0d69a1922f (webtiles) character file.

Game seed: 4129712785940498645

2 IamBrew the Shooter (level 1, 0/12 HPs)
             Began as a Gargoyle Hunter on Nov 10, 2022.
             Slain by a giant cockroach (2 damage)
             ... on level 1 of the Dungeon.
             The game lasted 00:01:08 (63 turns).

IamBrew the Shooter (Gargoyle Hunter)                 Turns: 63, Time: 00:01:09

Health: 0/12       AC:  2    Str: 14    XL:     1   Next: 40%
Magic:  1/1        EV: 12    Int:  9    God:
Gold:   0          SH:  0    Dex: 13    Spells: 0/0 levels left

rFire   . . .      SeeInvis .    (no weapon)
rCold   . . .      Faith    .    (no shield)
rNeg    + . .      Spirit   .    (no body armour)
rPois   ∞          Reflect  .    (no helmet)
rElec   +          Harm     .    (no cloak)
rCorr   .          Rampage  .    (no gloves)
Will    .....                    (no boots)
Stlth   ++........               (no amulet)
HPRegen 0.22/turn                (no ring)
MPRegen 0.07/turn                (no ring)

@: no status effects
A: sickness immunity, AC +2, negative energy resistance 1, electricity
resistance, torment resistance 1, petrification resistance
a: no special abilities


You were on level 1 of the Dungeon.
You visited 1 branch of the dungeon, and saw 1 of its levels.

Inventory:

Potions
 a - a potion of haste {unknown}


   Skills:
 + Level 2.2 Fighting
 + Level 4.1 Ranged Weapons
 + Level 1.5 Dodging
 + Level 1.1 Stealth


You couldn't memorise any spells.
You didn't know any spells.
Your spell library was empty.

Dungeon Overview and Level Annotations

Branches:
Dungeon (1/15)

Altars:


Innate Abilities, Weirdness & Mutations

You are immune to sickness and miasma.
Your stone body is resilient. (AC +2)
You are immune to poison.
You resist negative energy. (rN+)
You are resistant to electric shocks. (rElec)
You are resistant to unholy torment.
You are immune to petrification.


Message History

The giant cockroach barely misses you. The giant cockroach bites you.
You barely miss the giant cockroach.
The giant cockroach is severely wounded.
The bat barely misses you. The bat closely misses you.
The giant cockroach bites you.
The giant cockroach completely misses you.
You closely miss the giant cockroach.
The giant cockroach is severely wounded.
The bat hits you but does no damage.
The giant cockroach closely misses you. x2
You closely miss the giant cockroach.
The giant cockroach is heavily wounded.
The bat hits you but does no damage. The giant cockroach closely misses you.
The giant cockroach bites you but does no damage.
You barely miss the giant cockroach.
The giant cockroach is heavily wounded.
The giant cockroach barely misses you. The giant cockroach bites you.
You barely miss the giant cockroach.
The giant cockroach is heavily wounded.
The bat barely misses you.
The giant cockroach bites you but does no damage.
The giant cockroach closely misses you. The giant cockroach bites you.
* * * LOW HITPOINT WARNING * * *
The giant cockroach closely misses you.
You hit the giant cockroach but do no damage.
The giant cockroach is heavily wounded.
The bat barely misses you. The giant cockroach bites you.
* * * LOW HITPOINT WARNING * * *
The giant cockroach completely misses you.
You hit the giant cockroach.
You kill the giant cockroach!
The bat barely misses you. The giant cockroach bites you.
* * * LOW HITPOINT WARNING * * *
The giant cockroach bites you but does no damage.
The bat barely misses you.
You see here a giant cockroach corpse.
You miss the bat. The bat closely misses you.
The giant cockroach closely misses you.
You barely miss the giant cockroach. The bat barely misses you.
The giant cockroach bites you.
You die...

##+# ..... #######
..... #.....#
......
#.....##......
#.............
#...(.@.b.....
#..?..B....#+#
#..........#
#............#
#####.#........#
#.###.#........#
#.....#.........
###.#.#.#####.....
#.........# ....


You could see a giant cockroach and a bat.

Vanquished Creatures
  An endoplasm (D:1)
  A giant cockroach (D:1)
2 creatures vanquished.

Notes
Turn   | Place    | Note
-------+----------+-------------------------------------------
     0 | D:1      | IamBrew the Gargoyle Hunter began the quest for the Orb.
     0 | D:1      | Reached XP level 1. HP: 12/12 MP: 1/1
    63 | D:1      | Slain by a giant cockroach

Illustrated notes

Levels and vault maps discovered:
D:1:      roderic_chinese_lattice_arrival, layout_basic, patterned_corridor

Action                   || total
-------------------------++-------
Melee: Unarmed           ||    16
Armor: Skin              ||    10
Dodge: Dodged            ||    37

Table legend: (Time is in decaauts)
 A = Elapsed time spent in this place.
 B = Non-inter-level travel time spent in this place.
 C = Inter-level travel time spent in this place.
 D = Time resting spent in this place.
 E = Time spent auto-exploring this place.
 F = Levels seen in this place.
 G = Mean time per level.
                   A        B        C        D        E       F      G
               +--------+--------+--------+--------+--------+-----+--------+
         Total |     62 |     35 |     27 |      0 |      0 |   1 |   62.0 |
       Dungeon |     62 |     35 |     27 |      0 |      0 |   1 |   62.0 |
               +--------+--------+--------+--------+--------+-----+--------+

Top non-repeatable levels by time:
     D:1: 62 daAuts
